FIQ, neutral male gnomish Wizard ----------- ----- ---- --.........--- |...--- --- |..--- --..-----.....--- --....----- ------.| --....| |..-- |........-- |.[......---^..|..| ---.....|---)-- --.........| --..............--- --......---...| --..<---...-- ----..........----------.......--.%--- |...-- ----- ----..|.---- |................[..-- --..| -----.--- |..-----.............-- ---- |...---.-- |...............| --......--- --.-........*...---- --.......-----....*....)....|.--- |........--...^..--............-- ---................||....-----.E..| -.----- |...---...........-|--..-- --@..-- .....----------.--- --.......|...---..-- |>...-- -..............| |.....----........| --.....--- |.....-----..--------....-----........| -........- -..)%..............................-- |...--......| ---.------..-------.--------..------ --.----.--..| --- ---- --- ---- -- --- --- FIQ the Conjurer Experience level: 3 Strength: 12 Dexterity: 15 Constitution: 12 Intelligence: 18 Wisdom: 6 Charisma: 12 Health: 11(26) Energy: 29(29) Def: 1 Gold: 114 Moves: 997 Dungeon seed: lzG_WNvY3dvk0m_k Game ID: FIQ_1469379303 Your Inventory: Coins $ - 114 gold pieces Weapons a - a blessed +1 quarterstaff (weapon in hands) Armor e - an uncursed +0 cloak of magic resistance (being worn) Scrolls i - an uncursed scroll of punishment j - an uncursed scroll of enchant weapon u - an uncursed scroll of magic mapping Spellbooks t - a blessed spellbook of haste self Potions f - an uncursed potion of healing g - an uncursed potion of booze h - an uncursed potion of sleeping Rings c - an uncursed ring of slow digestion d - an uncursed ring of polymorph Wands b - a wand of polymorph (0:2) v - a wand of cold (0:4) Tools k - an uncursed credit card n - an uncursed blindfold w - an uncursed figurine of a rock mole x - an uncursed tin whistle A - an uncursed magic lamp Spells and supernatural/magical abilities: Name Level Category Fail Memory a - force bolt 1 attack 0% 96% c - cause fear 3 enchantment 0% 96% f - fireball 4 attack 70% 96% l - light 1 divination 0% 96% H - haste self 3 escape 85% 96% U - detect unseen 3 divination 85% 96% W - pray for help -- divine ? -- Your skills at the end: Fighting Skills wands [Basic] Weapon Skills quarterstaff [Basic] Spellcasting Skills attack spells [Basic] enchantment spells [Basic] Final Attributes: You were devoutly aligned. You were magic-protected. You had infravision. You were extremely unlucky. Thoth was very angry with you. You are dead. Vanquished creatures: a storm giant a bugbear a shrieker a dwarf a kobold lord 4 dwarf zombies 2 hobbits a manes a yellow mold a gecko 8 jackals a fox a kobold a goblin 4 sewer rats a grid bug 2 bats a lichen a newt 34 creatures vanquished. Voluntary challenges: You used a wielded weapon 16 times, starting on turn 117. You read items or engraved 32 times, starting on turn 21. You never genocided any monsters. You polymorphed 6 items, starting on turn 17. You never changed form. You used no wishes. You never split a pudding. You never wrote Elbereth's name. You violated your moral code, losing 29 points of alignment, starting on turn 110. Dungeon overview: The Dungeons of Doom: levels 1 to 4 Level 1 an altar to Anhur a long staircase Level 2 Level 3 Level 4 a jewelry store, a fountain stairs to The Gnomish Mines The Gnomish Mines: levels 5 to 6 Level 5 <- You were here stairs to The Dungeons of Doom Level 6 History has recorded: On T:1 you entered the Dungeons of Doom to retrieve the Amulet of Yendor! On T:110 you advanced to experience level 2. On T:117 you advanced to experience level 3. On T:345 you reached level 2 of The Dungeons of Doom. On T:385 you reached level 3 of The Dungeons of Doom. On T:461 you reached level 4 of The Dungeons of Doom. On T:643 you reached level 1 of The Gnomish Mines. On T:682 you advanced to experience level 4. On T:915 you advanced to experience level 5. On T:933 you reached level 2 of The Gnomish Mines. Score breakdown: Gold: 114 ( 7009 points) Experience: 3 levels ( 7878 points) Exploration: 6 levels ( 12.00%) ( 9583 points) Discoveries: 6 items ( 2.07%) ( 4315 points) Valuables value: (no points given unless you survive) Artifact value: 0 ( 0 points) Variety of kills: 19 monsters ( 4.96%) ( 6681 points) Turncount: 997 turns ( 0 points) Survival: died (score multiplied by 80%) Total score: 28372 Latest messages: The voice of Thoth booms out: "Thou art arrogant, mortal." "Thou must relearn thy lessons!" You feel foolish! Goodbye level 5. You begin praying to Thoth. The voice of Thoth thunders: "Thou art arrogant, mortal." "Thou must relearn thy lessons!" You feel foolish! Goodbye level 4. You begin praying to Thoth. You feel that Thoth is displeased. You begin praying to Thoth. The voice of Thoth rings out: "Thou durst call upon me?" "Then die, mortal!" You begin praying to Thoth. The fire elemental of Thoth hits! (3x) The voice of Thoth thunders: "Thou hast angered me." Suddenly, a bolt of lightning strikes you! You fry to a crisp. Final status: Goodbye FIQ the Wizard, killed by the wrath of Thoth... You died in The Gnomish Mines on dungeon level 5 with 28372 points, and 114 pieces of gold, after 997 moves. You were level 3 with a maximum of 26 hit points when you died.